Blue Jackets vs Predators
Created - 13 mars 2017 at 19:09
Goals
|
| Blue Jackets |
1 |
2 |
3 |
6 |
| Predators |
0 |
1 |
1 |
2 |
|
Shots
|
| Blue Jackets |
18 |
12 |
9 |
39 |
| Predators |
10 |
6 |
12 |
28 |
|
1st period
1. Blue Jackets , Andreas Nodl 13 (Dave Steckel) at 19:48
Penalties :
Mike Lundin (Clb) for Interference (Minor) at 14:48, Brett Clark (Nas) for Tripping (Minor) at 19:57
2nd period
2. Blue Jackets , Marcus Nilson 17 (Martin Havlat, Mike Lundin) at 2:03
3. Blue Jackets , Mike Lundin 3 (Pavel Datsyuk, Patric Hornqvist) at 15:13
4. Predators , Ryan Mcdonagh 2 (Alexander Ovechkin, Alexander Edler) at 16:03
Penalties :
Ryan Kesler (Nas) for High sticking (Minor) at 9:01, Andreas Nodl (Clb) for Elbowing (Minor) at 12:45, Alexander Ovechkin (Nas) for High sticking (Minor) at 12:50
3rd period
5. Blue Jackets , Mike York 20 (Andreas Nodl, Dave Steckel) at 0:51
6. Blue Jackets , Pavel Datsyuk 31 (David Booth) at 2:00
7. Predators , Mikael Granlund 1 (Alexander Edler, Shane Doan) at 4:45
8. Blue Jackets , Andreas Nodl 14 (Dave Steckel) at 19:39
Penalties :
Martin Havlat (Clb) for Interference (Minor) at 5:30, Pavel Datsyuk (Clb) for Goalie Interference (Minor) at 9:19
Goalie Stats
Rick DiPietro (Clb), 26 saves from 28 shots - (0,929), W, 25-19-3, 60:00 minutes
Maxime Daigneault (Nas), 33 saves from 39 shots - (0,846), L, 7-11-3, 60:00 minutes
Players Stats for Blue Jackets
Player Name G A P +/- PIM S H SB GA TA FO MP PP MP PK MP
------------------------------------------------------------------------------------
A.J Thelen 0 0 0 0 0 0 1 0 0 0 0/0 12:53 0:00 1:29
Andreas Nodl 2 1 3 4 2 2 1 1 0 0 0/0 11:00 0:05 0:00
Branislav Mezei 0 0 0 1 0 1 0 2 1 0 0/0 28:11 2:16 2:46
Cory Emmerton 0 0 0 0 0 0 1 1 0 1 1/3 7:05 0:00 0:00
Dave Steckel 0 3 3 3 0 0 0 0 0 0 5/6 11:46 0:00 1:14
David Booth 0 1 1 0 0 8 2 2 2 0 3/4 20:09 2:17 2:02
François Beauchemin 0 0 0 3 0 4 1 0 0 0 0/0 20:31 1:47 3:16
Jan Bulis 0 0 0 0 0 0 1 0 0 1 10/16 15:14 1:41 0:11
Jason Ward 0 0 0 0 0 1 0 0 1 0 0/0 7:05 0:00 0:00
Jeff Taffe 0 0 0 0 0 0 0 0 0 0 0/1 8:57 0:00 1:46
Kevin Bieksa 0 0 0 3 0 0 2 0 1 2 0/0 19:53 1:47 2:44
Marcus Nilson 1 0 1 0 0 2 2 0 1 0 2/2 15:03 1:41 0:00
Martin Havlat 0 1 1 0 2 3 0 0 1 0 0/2 16:17 1:41 0:24
Mike Commodore 0 0 0 0 0 1 0 1 0 0 0/0 11:18 0:00 0:00
Mike Lundin 1 1 2 1 2 1 2 0 0 0 0/0 27:19 2:16 1:49
Mike York 1 0 1 3 0 2 1 0 0 0 0/0 11:59 0:00 0:00
Patric Hornqvist 0 1 1 1 0 6 2 0 2 0 1/3 24:16 2:22 3:49
Pavel Datsyuk 1 1 2 1 2 8 2 0 0 0 21/34 23:04 2:22 2:38
Players Stats for Predators
Player Name G A P +/- PIM S H SB GA TA FO MP PP MP PK MP
------------------------------------------------------------------------------------
Alexander Edler 0 2 2 -3 0 1 1 1 1 2 0/0 25:44 2:51 1:49
Alexander Ovechkin 0 1 1 -1 2 2 2 2 1 0 0/1 20:55 3:05 0:45
Alexander Steen 0 0 0 0 0 2 3 0 0 0 0/0 15:00 2:51 0:02
Andy Miele 0 0 0 0 0 3 0 0 0 0 1/2 6:26 0:00 0:02
Barret Jackman 0 0 0 0 0 0 0 0 0 0 0/0 0:47 0:00 0:00
Bobby Sanguinetti 0 0 0 0 0 0 1 1 0 0 0/0 13:11 3:11 0:00
Brett Clark 0 0 0 -1 2 0 1 2 0 1 0/0 14:02 0:00 1:13
Byron Bitz 0 0 0 -2 0 6 0 1 0 0 0/0 22:08 2:48 2:40
Christian Ehrhoff 0 0 0 -1 0 0 1 2 1 0 0/0 19:33 3:11 1:01
Frans Nielsen 0 0 0 0 0 0 3 0 0 0 7/20 16:58 0:00 0:36
James Van Riemsdyk 0 0 0 -2 0 0 0 0 0 1 0/0 15:51 0:27 0:00
John Moore 0 0 0 -1 0 1 1 1 0 1 0/0 21:05 0:00 2:14
Mikael Granlund 1 0 1 -2 0 4 0 0 1 2 8/17 18:01 2:52 0:54
Niclas Bergfors 0 0 0 0 0 1 1 0 0 0 0/2 20:51 3:03 0:00
Ryan Kesler 0 0 0 -2 2 5 1 0 0 1 11/25 17:25 2:51 1:25
Ryan Mcdonagh 1 0 1 -3 0 2 1 2 0 0 0/0 25:44 2:51 1:49
Shane Doan 0 1 1 -2 0 0 0 0 0 1 0/0 13:00 0:08 0:00
Steve Begin 0 0 0 0 0 1 1 1 0 0 1/4 7:19 0:00 1:42
3 Stars
1 - Andreas Nodl (Clb)
2 - Dave Steckel (Clb)
3 - Mike York (Clb)
Power Play
Blue Jackets - 0 on 3 Attempt(s) - 0,00%
Predators - 0 on 4 Attempt(s) - 0,00%
Penalty Kill
Blue Jackets - 4 on 4 Attempt(s) - 100,00%
- Score 0 goal in Penalty Kill
Predators - 3 on 3 Attempt(s) - 100,00%
- Score 0 goal in Penalty Kill
Team Stat
Blue Jackets - Hits : 18 - Faceoff Wins : 43 - Blocked Shots : 7 - Penalty Minutes : 8
Predators - Hits : 17 - Faceoff Wins : 28 - Blocked Shots : 13 - Penalty Minutes : 6
Official
Referees : LaRue Dennis and Rehman Kyle
Linesman : Jonny Murray and Greg Devorski
Game Notes
No Game Note
Finance
Level 1 -- Attendance: 5687 (94,78%) -- Ticket Income 483 395 $
Level 2 -- Attendance: 4412 (88,24%) -- Ticket Income 220 600 $
Level 3 -- Attendance: 2000 (100,00%) -- Ticket Income 60 000 $
Level 4 -- Attendance: 2967 (74,18%) -- Ticket Income 71 208 $
Luxury Box -- Attendance: 792 (79,20%) -- Ticket Income 138 600 $
Game was played at the Wildcat center.
Total Attendance: 15858 (88,10%)
Total Ticket Income: 973 803 $
Other Income: 146 070 $
Total Income: 1 119 873 $
Blue Jackets
5 vs 5 Forward
Center Left Wing Right Wing Time % Phy DF OF
1 Pavel Datsyuk David Booth Patric Hornqvist 40 1 2 2
2 Jan Bulis Marcus Nilson Martin Havlat 30 1 2 2
3 Dave Steckel Mike York Andreas Nodl 20 1 2 2
4 Cory Emmerton Jeff Taffe Jason Ward 10 1 2 2
5 vs 5 Defense
Defense Defense Time % Phy DF OF
1 Branislav Mezei Mike Lundin 40 1 2 2
2 Kevin Bieksa François Beauchemin 30 1 2 2
3 Mike Commodore A.J Thelen 20 1 2 2
4 Branislav Mezei Mike Lundin 10 1 2 2
PowerPlay Forward
Center Left Wing Right Wing Time % Phy DF OF
1 Pavel Datsyuk David Booth Patric Hornqvist 60 1 2 2
2 Jan Bulis Marcus Nilson Martin Havlat 40 1 2 2
PowerPlay Defense
Defense Defense Time % Phy DF OF
1 Branislav Mezei Mike Lundin 60 1 2 2
2 Kevin Bieksa François Beauchemin 40 1 2 2
Penalty Kill 4 Players Forward
Center Wing Time % Phy DF OF
1 Pavel Datsyuk Patric Hornqvist 60 1 2 2
2 David Booth Martin Havlat 40 1 2 2
Penalty Kill 4 Players Defense
Defense Defense Time % Phy DF OF
1 Branislav Mezei Mike Lundin 60 1 2 2
2 Kevin Bieksa François Beauchemin 40 1 2 2
Penalty Kill - 3 Players Forward
Forward Time % Phy DF OF
1 Pavel Datsyuk 60 1 2 2
2 Patric Hornqvist 40 1 2 2
Penalty Kill - 3 Players Defense
Defense Defense Time % Phy DF OF
1 Branislav Mezei Mike Lundin 60 1 2 2
2 Kevin Bieksa François Beauchemin 40 1 2 2
4 vs 4 Forward
Center Wing Time % Phy DF OF
1 Pavel Datsyuk Patric Hornqvist 60 1 2 2
2 David Booth Martin Havlat 40 1 2 2
4 vs 4 Defense
Defense Defense Time % Phy DF OF
1 Branislav Mezei Mike Lundin 60 1 2 2
2 Kevin Bieksa François Beauchemin 40 1 2 2
Last Minutes Offensive
Center Left Wing Right Wing Defense Defense
Pavel Datsyuk David Booth Patric Hornqvist Branislav Mezei Mike Lundin
Last Minutes Defensive
Center Left Wing Right Wing Defense Defense
Pavel Datsyuk David Booth Patric Hornqvist Branislav Mezei Mike Lundin
Goaltenders
Starting : Rick DiPietro
Backup : Niklas Backstrom
Extra Forwards
Normal : Mike York, Dave Steckel, Jeff Taffe - PP : Mike York, Dave Steckel - PK : Jeff Taffe
Extra Defensemen
Normal : Mike Commodore, A.J Thelen, Kevin Bieksa - PP : Mike Commodore - PK : A.J Thelen, Kevin Bieksa
Penalty Shots
Pavel Datsyuk, Patric Hornqvist, David Booth, Martin Havlat, Marcus Nilson
Predators
5 vs 5 Forward
Center Left Wing Right Wing Time % Phy DF OF
1 Frans Nielsen Alexander Ovechkin Niclas Bergfors 40 1 2 2
2 Ryan Kesler Alexander Steen Byron Bitz 30 1 2 2
3 Mikael Granlund James Van Riemsdyk Shane Doan 20 1 2 2
4 Andy Miele Steve Begin Byron Bitz 10 1 2 2
5 vs 5 Defense
Defense Defense Time % Phy DF OF
1 Alexander Edler Ryan Mcdonagh 40 1 2 2
2 Christian Ehrhoff John Moore 30 1 2 2
3 Bobby Sanguinetti Brett Clark 20 1 2 2
4 Brett Clark John Moore 10 1 2 2
PowerPlay Forward
Center Left Wing Right Wing Time % Phy DF OF
1 Mikael Granlund Alexander Ovechkin Niclas Bergfors 60 1 0 4
2 Ryan Kesler Alexander Steen Byron Bitz 40 1 0 4
PowerPlay Defense
Defense Defense Time % Phy DF OF
1 Ryan Mcdonagh Alexander Edler 60 1 1 3
2 Christian Ehrhoff Bobby Sanguinetti 40 0 1 4
Penalty Kill 4 Players Forward
Center Wing Time % Phy DF OF
1 Ryan Kesler Byron Bitz 60 1 2 2
2 Frans Nielsen Steve Begin 40 1 2 2
Penalty Kill 4 Players Defense
Defense Defense Time % Phy DF OF
1 Alexander Edler Ryan Mcdonagh 60 1 1 3
2 Brett Clark John Moore 40 1 1 3
Penalty Kill - 3 Players Forward
Forward Time % Phy DF OF
1 Byron Bitz 60 2 3 0
2 Frans Nielsen 40 1 3 1
Penalty Kill - 3 Players Defense
Defense Defense Time % Phy DF OF
1 Alexander Edler Ryan Mcdonagh 60 1 1 3
2 Brett Clark John Moore 40 1 1 3
4 vs 4 Forward
Center Wing Time % Phy DF OF
1 Alexander Ovechkin Niclas Bergfors 60 1 2 2
2 Ryan Kesler Byron Bitz 40 1 2 2
4 vs 4 Defense
Defense Defense Time % Phy DF OF
1 Alexander Edler Ryan Mcdonagh 60 1 2 2
2 Barret Jackman John Moore 40 1 2 2
Last Minutes Offensive
Center Left Wing Right Wing Defense Defense
Ryan Kesler Alexander Ovechkin Byron Bitz Alexander Edler Ryan Mcdonagh
Last Minutes Defensive
Center Left Wing Right Wing Defense Defense
Frans Nielsen Alexander Ovechkin Byron Bitz Ryan Mcdonagh Brett Clark
Goaltenders
Starting : Maxime Daigneault
Backup : Viktor Fasth
Extra Forwards
Normal : Mikael Granlund, James Van Riemsdyk, Andy Miele - PP : Mikael Granlund, James Van Riemsdyk - PK : Steve Begin
Extra Defensemen
Normal : Barret Jackman, Alexander Edler, John Moore - PP : Christian Ehrhoff - PK : John Moore, Christian Ehrhoff
Penalty Shots
Alexander Ovechkin, Niclas Bergfors, Ryan Kesler, Andy Miele, Alexander Steen
% Time on Ice - Blue Jackets
Lines # - Real PCT - Wanted PCT - Time Play
Normal Forward
1 - 35% - 40% - 16:56
2 - 28% - 30% - 13:28
3 - 22% - 20% - 10:32
4 - 15% - 10% - 7:05
Normal Defense
1 - 41% - 40% - 19:43
2 - 30% - 30% - 14:37
3 - 24% - 20% - 11:18
4 - 5% - 10% - 2:23
PP Forward
1 - 58% - 60% - 2:22
2 - 42% - 40% - 1:41
PP Defense
1 - 56% - 60% - 2:16
2 - 44% - 40% - 1:47
PK Forward
1 - 84% - 60% - 5:04
2 - 16% - 40% - 0:58
PK Defense
1 - 57% - 60% - 3:26
2 - 43% - 40% - 2:36
PK3 Forward
1 - 0% - 60%
2 - 0% - 40%
PK3 Defense
1 - 0% - 60%
2 - 0% - 40%
44 Forward
1 - 61% - 60% - 1:09
2 - 39% - 40% - 0:45
44 Defense
1 - 61% - 60% - 1:09
2 - 39% - 40% - 0:45
Last Minute Offensive - 0:00
Last Minute Defensive - 0:00
Total
Forward - 60:00
Defense - 60:00
|
% Time on Ice - Predators
Lines # - Real PCT - Wanted PCT - Time Play
Normal Forward
1 - 37% - 40% - 17:45
2 - 25% - 30% - 12:06
3 - 26% - 20% - 12:33
4 - 12% - 10% - 5:37
Normal Defense
1 - 42% - 40% - 19:57
2 - 32% - 30% - 15:21
3 - 19% - 20% - 8:55
4 - 8% - 10% - 3:48
PP Forward
1 - 53% - 60% - 3:11
2 - 47% - 40% - 2:51
PP Defense
1 - 47% - 60% - 2:51
2 - 53% - 40% - 3:11
PK Forward
1 - 85% - 60% - 3:27
2 - 15% - 40% - 0:36
PK Defense
1 - 45% - 60% - 1:49
2 - 55% - 40% - 2:14
PK3 Forward
1 - 0% - 60%
2 - 0% - 40%
PK3 Defense
1 - 0% - 60%
2 - 0% - 40%
44 Forward
1 - 100% - 60% - 1:54
2 - 0% - 40% - 0:00
44 Defense
1 - 59% - 60% - 1:07
2 - 41% - 40% - 0:47
Last Minute Offensive - 0:00
Last Minute Defensive - 0:00
Total
Forward - 60:00
Defense - 60:00
|
Play by Play
1st period
0:01 of 1st period - Pavel Datsyuk wins face-off versus Frans Nielsen in neutral zone.
0:04 of 1st period - Ryan Mcdonagh is hit by David Booth and loses puck.
0:12 of 1st period - Off-side.
0:13 of 1st period - Jan Bulis wins face-off versus Ryan Kesler in neutral zone.
1:03 of 1st period - Mike Commodore is hit by Alexander Ovechkin and loses puck.
1:28 of 1st period - Snap shot by Byron Bitz.
1:28 of 1st period - Shot Blocked by Mike Commodore.
1:30 of 1st period - Slapshot by John Moore.
1:30 of 1st period - Deflect By Andy Miele.
1:30 of 1st period - Shot Misses the Net.
1:30 of 1st period - Puck is out of play.
1:31 of 1st period - Jan Bulis wins face-off versus Ryan Kesler in Blue Jackets zone.
1:33 of 1st period - Icing by Marcus Nilson.
1:34 of 1st period - Ryan Kesler wins face-off versus Jan Bulis in Blue Jackets zone.
1:35 of 1st period - Snap shot by Byron Bitz.
1:35 of 1st period - Stopped by Rick DiPietro with a rebound.
1:45 of 1st period - Snap shot by Marcus Nilson.
1:45 of 1st period - Deflect By Martin Havlat.
1:45 of 1st period - Stopped by Maxime Daigneault without a rebound.
1:46 of 1st period - Pavel Datsyuk wins face-off versus Alexander Ovechkin in Predators zone.
1:47 of 1st period - Wrist shot by Patric Hornqvist.
1:47 of 1st period - Stopped by Maxime Daigneault without a rebound.
1:48 of 1st period - Pavel Datsyuk wins face-off versus Frans Nielsen in Predators zone.
1:57 of 1st period - Wrist shot by Patric Hornqvist.
1:57 of 1st period - Shot Blocked by Alexander Ovechkin.
2:08 of 1st period - Mike Lundin is hit by Frans Nielsen and loses puck.
2:25 of 1st period - Snap shot by Alexander Ovechkin.
2:25 of 1st period - Stopped by Rick DiPietro without a rebound.
2:26 of 1st period - Dave Steckel wins face-off versus Ryan Kesler in Blue Jackets zone.
4:59 of 1st period - Slapshot by Ryan Mcdonagh.
4:59 of 1st period - Shot Blocked by Andreas Nodl.
5:31 of 1st period - Branislav Mezei is hit by Brett Clark and loses puck.
5:52 of 1st period - Off-side.
5:53 of 1st period - Frans Nielsen wins face-off versus Dave Steckel in neutral zone.
6:41 of 1st period - Wrist shot by Ryan Kesler.
6:41 of 1st period - Stopped by Rick DiPietro without a rebound.
6:42 of 1st period - Ryan Kesler wins face-off versus Pavel Datsyuk in Blue Jackets zone.
7:37 of 1st period - Icing by Frans Nielsen.
7:38 of 1st period - Pavel Datsyuk wins face-off versus Frans Nielsen in Predators zone.
7:41 of 1st period - Snap shot by Patric Hornqvist.
7:41 of 1st period - Stopped by Maxime Daigneault with a rebound.
7:43 of 1st period - Slapshot by François Beauchemin.
7:43 of 1st period - Stopped by Maxime Daigneault without a rebound.
7:44 of 1st period - Pavel Datsyuk wins face-off versus Ryan Kesler in Predators zone.
7:45 of 1st period - Snap shot by Patric Hornqvist.
7:45 of 1st period - Stopped by Maxime Daigneault with a rebound.
7:47 of 1st period - Slapshot by Kevin Bieksa.
7:47 of 1st period - Shot Misses the Net.
7:49 of 1st period - Slapshot by François Beauchemin.
7:49 of 1st period - Stopped by Maxime Daigneault with a rebound.
7:51 of 1st period - Snap shot by Pavel Datsyuk.
7:51 of 1st period - Stopped by Maxime Daigneault with a rebound.
7:53 of 1st period - Wrist shot by David Booth.
7:53 of 1st period - Stopped by Maxime Daigneault with a rebound.
7:55 of 1st period - Snap shot by Kevin Bieksa.
7:55 of 1st period - Shot Blocked by Byron Bitz.
7:57 of 1st period - Slapshot by Pavel Datsyuk.
7:57 of 1st period - Stopped by Maxime Daigneault with a rebound.
8:30 of 1st period - Wrist shot by Alexander Ovechkin.
8:30 of 1st period - Stopped by Rick DiPietro with a rebound.
8:45 of 1st period - Wrist shot by Martin Havlat.
8:45 of 1st period - Stopped by Maxime Daigneault with a rebound.
8:47 of 1st period - Slapshot by Kevin Bieksa.
8:47 of 1st period - Deflect By Martin Havlat.
8:47 of 1st period - Shot Misses the Net.
8:47 of 1st period - Puck is out of play.
8:48 of 1st period - Ryan Kesler wins face-off versus Patric Hornqvist in Predators zone.
9:23 of 1st period - Wrist shot by Mikael Granlund.
9:23 of 1st period - Shot Misses the Net.
11:01 of 1st period - Snap shot by Mikael Granlund.
11:01 of 1st period - Stopped by Rick DiPietro with a rebound.
11:03 of 1st period - Slapshot by Ryan Mcdonagh.
11:03 of 1st period - Stopped by Rick DiPietro without a rebound.
11:04 of 1st period - Mikael Granlund wins face-off versus Pavel Datsyuk in Blue Jackets zone.
11:05 of 1st period - Slapshot by Alexander Edler.
11:05 of 1st period - Shot Misses the Net.
11:11 of 1st period - Snap shot by Patric Hornqvist.
11:11 of 1st period - Deflect By David Booth.
11:11 of 1st period - Stopped by Maxime Daigneault without a rebound.
11:12 of 1st period - Frans Nielsen wins face-off versus Pavel Datsyuk in Predators zone.
11:23 of 1st period - David Booth is hit by Alexander Ovechkin and loses puck.
11:38 of 1st period - David Booth is hit by Niclas Bergfors and loses puck.
11:45 of 1st period - Wrist shot by David Booth.
11:45 of 1st period - Stopped by Maxime Daigneault without a rebound.
11:46 of 1st period - Jan Bulis wins face-off versus Ryan Kesler in Predators zone.
11:47 of 1st period - Slapshot by Marcus Nilson.
11:47 of 1st period - Shot Misses the Net.
11:49 of 1st period - Snap shot by Martin Havlat.
11:49 of 1st period - Shot Misses the Net.
11:51 of 1st period - Snap shot by Jan Bulis.
11:51 of 1st period - Shot Blocked by Bobby Sanguinetti.
12:11 of 1st period - Shane Doan is hit by Kevin Bieksa and loses puck.
12:45 of 1st period - Icing by Branislav Mezei.
12:46 of 1st period - Pavel Datsyuk wins face-off versus Andy Miele in Blue Jackets zone.
12:59 of 1st period - Wrist shot by David Booth.
12:59 of 1st period - Stopped by Maxime Daigneault without a rebound.
13:00 of 1st period - Marcus Nilson wins face-off versus Ryan Kesler in Predators zone.
13:14 of 1st period - Snap shot by Byron Bitz.
13:14 of 1st period - Stopped by Rick DiPietro without a rebound.
13:15 of 1st period - Pavel Datsyuk wins face-off versus Frans Nielsen in Blue Jackets zone.
13:47 of 1st period - Snap shot by Pavel Datsyuk.
13:47 of 1st period - Stopped by Maxime Daigneault without a rebound.
13:48 of 1st period - Mikael Granlund wins face-off versus Martin Havlat in Predators zone.
14:13 of 1st period - Ryan Mcdonagh is hit by François Beauchemin and loses puck.
14:48 of 1st period - Minor Penalty to Mike Lundin for Interference.
14:49 of 1st period - Ryan Kesler wins face-off versus Pavel Datsyuk in Blue Jackets zone.
15:37 of 1st period - Wrist shot by David Booth.
15:37 of 1st period - Stopped by Maxime Daigneault with a rebound.
16:25 of 1st period - David Booth is hit by Ryan Mcdonagh and loses puck.
16:48 of 1st period - Penalty to Mike Lundin is over, Mike Lundin is back on ice.
16:59 of 1st period - Mike York is hit by Steve Begin and loses puck.
17:06 of 1st period - Christian Ehrhoff is hit by Mike York and loses puck.
17:15 of 1st period - Andy Miele is hit by Patric Hornqvist.
17:21 of 1st period - Christian Ehrhoff is hit by Patric Hornqvist and loses puck.
18:06 of 1st period - Wrist shot by Andy Miele.
18:06 of 1st period - Shot Blocked by Branislav Mezei.
18:18 of 1st period - Snap shot by Patric Hornqvist.
18:18 of 1st period - Stopped by Maxime Daigneault with a rebound.
18:20 of 1st period - Snap shot by Mike York.
18:20 of 1st period - Stopped by Maxime Daigneault without a rebound.
18:21 of 1st period - Frans Nielsen wins face-off versus Jan Bulis in Predators zone.
18:25 of 1st period - Icing by Niclas Bergfors.
18:26 of 1st period - Jan Bulis wins face-off versus Frans Nielsen in Predators zone.
18:50 of 1st period - Icing by Jan Bulis.
18:51 of 1st period - Ryan Kesler wins face-off versus Cory Emmerton in Blue Jackets zone.
18:52 of 1st period - Snap shot by Byron Bitz.
18:52 of 1st period - Stopped by Rick DiPietro with a rebound.
18:56 of 1st period - Snap shot by Alexander Steen.
18:56 of 1st period - Stopped by Rick DiPietro with a rebound.
18:58 of 1st period - Wrist shot by Ryan Kesler.
18:58 of 1st period - Stopped by Rick DiPietro with a rebound.
19:00 of 1st period - Wrist shot by Brett Clark.
19:00 of 1st period - Shot Misses the Net.
19:02 of 1st period - Snap shot by Ryan Kesler.
19:02 of 1st period - Deflect By Alexander Steen.
19:02 of 1st period - Shot Blocked by Cory Emmerton.
19:02 of 1st period - Puck is out of play.
19:03 of 1st period - Ryan Kesler wins face-off versus Jan Bulis in Blue Jackets zone.
19:48 of 1st period - Snap shot by Andreas Nodl.
19:48 of 1st period - Goal by Andreas Nodl - Blue Jackets : 1 - Predators : 0.
19:49 of 1st period - Jan Bulis wins face-off versus Frans Nielsen in neutral zone.
19:57 of 1st period - Minor Penalty to Brett Clark for Tripping.
19:58 of 1st period - David Booth wins face-off versus Ryan Kesler in Predators zone.
Goals for this period are 1 for Blue Jackets vs 0 for Predators.
Shots for this period are 18 for Blue Jackets vs 10 for Predators.
2nd period
0:01 of 2nd period - Ryan Kesler wins face-off versus Pavel Datsyuk in neutral zone.
0:09 of 2nd period - Ryan Mcdonagh is hit by Pavel Datsyuk.
1:01 of 2nd period - Wrist shot by Steve Begin.
1:01 of 2nd period - Stopped by Rick DiPietro without a rebound.
1:02 of 2nd period - Jan Bulis wins face-off versus Steve Begin in Blue Jackets zone.
1:06 of 2nd period - Off-side.
1:07 of 2nd period - Ryan Kesler wins face-off versus Pavel Datsyuk in neutral zone.
1:50 of 2nd period - Byron Bitz is hit by Jan Bulis and loses puck.
1:57 of 2nd period - Penalty to Brett Clark is over, Brett Clark is back on ice.
2:01 of 2nd period - Wrist shot by Marcus Nilson.
2:01 of 2nd period - Stopped by Maxime Daigneault with a rebound.
2:03 of 2nd period - Wrist shot by Marcus Nilson.
2:03 of 2nd period - Goal by Marcus Nilson - Blue Jackets : 2 - Predators : 0.
2:04 of 2nd period - David Booth wins face-off versus Frans Nielsen in neutral zone.
2:36 of 2nd period - Slapshot by Alexander Edler.
2:36 of 2nd period - Stopped by Rick DiPietro with a rebound.
2:59 of 2nd period - Off-side.
3:00 of 2nd period - Frans Nielsen wins face-off versus Patric Hornqvist in neutral zone.
3:26 of 2nd period - Mike Lundin is hit by John Moore and loses puck.
3:37 of 2nd period - Wrist shot by Pavel Datsyuk.
3:37 of 2nd period - Stopped by Maxime Daigneault without a rebound.
3:38 of 2nd period - Jan Bulis wins face-off versus Ryan Kesler in Predators zone.
3:39 of 2nd period - Snap shot by Martin Havlat.
3:39 of 2nd period - Deflect By Jan Bulis.
3:39 of 2nd period - Shot Misses the Net.
3:39 of 2nd period - Puck is out of play.
3:40 of 2nd period - Jan Bulis wins face-off versus Ryan Kesler in Predators zone.
3:52 of 2nd period - Off-side.
3:53 of 2nd period - Pavel Datsyuk wins face-off versus Frans Nielsen in neutral zone.
4:46 of 2nd period - Snap shot by Marcus Nilson.
4:46 of 2nd period - Shot Blocked by Brett Clark.
4:48 of 2nd period - Slapshot by Jan Bulis.
4:48 of 2nd period - Shot Blocked by Brett Clark.
6:53 of 2nd period - Niclas Bergfors is hit by Marcus Nilson and loses puck.
7:06 of 2nd period - Bobby Sanguinetti is hit by Mike Lundin and loses puck.
8:03 of 2nd period - Slapshot by Branislav Mezei.
8:03 of 2nd period - Shot Misses the Net.
9:01 of 2nd period - Minor Penalty to Ryan Kesler for High sticking.
9:02 of 2nd period - Pavel Datsyuk wins face-off versus Steve Begin in Predators zone.
9:07 of 2nd period - Slapshot by Patric Hornqvist.
9:07 of 2nd period - Shot Blocked by Steve Begin.
9:09 of 2nd period - Slapshot by François Beauchemin.
9:09 of 2nd period - Stopped by Maxime Daigneault without a rebound.
9:10 of 2nd period - Pavel Datsyuk wins face-off versus Steve Begin in Predators zone.
9:46 of 2nd period - Snap shot by Pavel Datsyuk.
9:46 of 2nd period - Shot Blocked by Ryan Mcdonagh.
9:48 of 2nd period - Slapshot by Pavel Datsyuk.
9:48 of 2nd period - Shot Misses the Net.
9:50 of 2nd period - Snap shot by David Booth.
9:50 of 2nd period - Shot Misses the Net.
9:52 of 2nd period - Snap shot by David Booth.
9:52 of 2nd period - Stopped by Maxime Daigneault with a rebound.
9:54 of 2nd period - Slapshot by François Beauchemin.
9:54 of 2nd period - Stopped by Maxime Daigneault with a rebound.
10:06 of 2nd period - Wrist shot by Pavel Datsyuk.
10:06 of 2nd period - Stopped by Maxime Daigneault with a rebound.
10:25 of 2nd period - Off-side.
10:26 of 2nd period - Steve Begin wins face-off versus Jan Bulis in neutral zone.
11:01 of 2nd period - Penalty to Ryan Kesler is over, Ryan Kesler is back on ice.
11:04 of 2nd period - Mikael Granlund is hit by Andreas Nodl and loses puck.
11:33 of 2nd period - Snap shot by Cory Emmerton.
11:33 of 2nd period - Deflect By Jeff Taffe.
11:33 of 2nd period - Shot Blocked by Alexander Edler.
11:33 of 2nd period - Puck is out of play.
11:34 of 2nd period - Cory Emmerton wins face-off versus Frans Nielsen in Predators zone.
12:04 of 2nd period - Slapshot by Andy Miele.
12:04 of 2nd period - Shot Misses the Net.
12:06 of 2nd period - Snap shot by Andy Miele.
12:06 of 2nd period - Stopped by Rick DiPietro with a rebound.
12:08 of 2nd period - Snap shot by James Van Riemsdyk.
12:08 of 2nd period - Shot Misses the Net.
12:18 of 2nd period - Slapshot by Mike York.
12:18 of 2nd period - Shot Blocked by Alexander Ovechkin.
12:20 of 2nd period - Slapshot by A.J Thelen.
12:20 of 2nd period - Deflect By Mike York.
12:20 of 2nd period - Deflect By Bobby Sanguinetti.
12:20 of 2nd period - Shot Misses the Net.
12:20 of 2nd period - Puck is out of play.
12:21 of 2nd period - Dave Steckel wins face-off versus Frans Nielsen in Predators zone.
12:45 of 2nd period - Minor Penalty to Andreas Nodl for Elbowing.
12:46 of 2nd period - Pavel Datsyuk wins face-off versus Mikael Granlund in Blue Jackets zone.
12:50 of 2nd period - Minor Penalty to Alexander Ovechkin for High sticking.
12:51 of 2nd period - Mikael Granlund wins face-off versus Pavel Datsyuk in Predators zone.
13:04 of 2nd period - Wrist shot by Niclas Bergfors.
13:04 of 2nd period - Stopped by Rick DiPietro without a rebound.
13:05 of 2nd period - Pavel Datsyuk wins face-off versus Mikael Granlund in Blue Jackets zone.
13:53 of 2nd period - Snap shot by David Booth.
13:53 of 2nd period - Shot Misses the Net.
13:55 of 2nd period - Wrist shot by David Booth.
13:55 of 2nd period - Stopped by Maxime Daigneault without a rebound.
13:56 of 2nd period - Mikael Granlund wins face-off versus David Booth in Predators zone.
14:16 of 2nd period - Wrist shot by David Booth.
14:16 of 2nd period - Shot Misses the Net.
14:18 of 2nd period - Snap shot by David Booth.
14:18 of 2nd period - Stopped by Maxime Daigneault with a rebound.
14:38 of 2nd period - Mikael Granlund is hit by Kevin Bieksa and loses puck.
14:45 of 2nd period - Penalty to Andreas Nodl is over, Andreas Nodl is back on ice.
14:50 of 2nd period - Penalty to Alexander Ovechkin is over, Alexander Ovechkin is back on ice.
15:09 of 2nd period - Wrist shot by Patric Hornqvist.
15:09 of 2nd period - Shot Misses the Net.
15:11 of 2nd period - Snap shot by Patric Hornqvist.
15:11 of 2nd period - Deflect By Pavel Datsyuk.
15:11 of 2nd period - Stopped by Maxime Daigneault with a rebound.
15:13 of 2nd period - Slapshot by Mike Lundin.
15:13 of 2nd period - Goal by Mike Lundin - Blue Jackets : 3 - Predators : 0.
15:14 of 2nd period - Jan Bulis wins face-off versus Ryan Kesler in neutral zone.
15:14 of 2nd period - Marcus Nilson is hit by Christian Ehrhoff and loses puck.
15:23 of 2nd period - Snap shot by Alexander Steen.
15:23 of 2nd period - Deflect By Byron Bitz.
15:23 of 2nd period - Shot Misses the Net.
15:23 of 2nd period - Puck is out of play.
15:24 of 2nd period - Jan Bulis wins face-off versus Ryan Kesler in Blue Jackets zone.
15:28 of 2nd period - Off-side.
15:29 of 2nd period - Pavel Datsyuk wins face-off versus Ryan Kesler in neutral zone.
15:36 of 2nd period - Slapshot by Alexander Edler.
15:36 of 2nd period - Shot Blocked by Branislav Mezei.
15:38 of 2nd period - Snap shot by Ryan Kesler.
15:38 of 2nd period - Shot Misses the Net.
15:42 of 2nd period - Wrist shot by Ryan Kesler.
15:42 of 2nd period - Stopped by Rick DiPietro with a rebound.
15:44 of 2nd period - Snap shot by Alexander Steen.
15:44 of 2nd period - Shot Blocked by David Booth.
16:03 of 2nd period - Slapshot by Ryan Mcdonagh.
16:03 of 2nd period - Goal by Ryan Mcdonagh - Blue Jackets : 3 - Predators : 1.
16:04 of 2nd period - Pavel Datsyuk wins face-off versus Ryan Kesler in neutral zone.
16:13 of 2nd period - Slapshot by François Beauchemin.
16:13 of 2nd period - Shot Blocked by John Moore.
19:17 of 2nd period - Marcus Nilson is hit by Frans Nielsen and loses puck.
19:34 of 2nd period - Wrist shot by Patric Hornqvist.
19:34 of 2nd period - Stopped by Maxime Daigneault with a rebound.
19:40 of 2nd period - John Moore is hit by David Booth.
19:50 of 2nd period - Bobby Sanguinetti is hit by A.J Thelen and loses puck.
Goals for this period are 2 for Blue Jackets vs 1 for Predators.
Shots for this period are 12 for Blue Jackets vs 6 for Predators.
3rd period
0:01 of 3rd period - Pavel Datsyuk wins face-off versus Niclas Bergfors in neutral zone.
0:11 of 3rd period - Pavel Datsyuk is hit by Alexander Edler and loses puck.
0:47 of 3rd period - Wrist shot by Mike York.
0:47 of 3rd period - Deflect By Dave Steckel.
0:47 of 3rd period - Shot Misses the Net.
0:47 of 3rd period - Puck is out of play.
0:48 of 3rd period - Dave Steckel wins face-off versus Mikael Granlund in Predators zone.
0:51 of 3rd period - Wrist shot by Mike York.
0:51 of 3rd period - Goal by Mike York - Blue Jackets : 4 - Predators : 1.
0:52 of 3rd period - Pavel Datsyuk wins face-off versus Niclas Bergfors in neutral zone.
0:55 of 3rd period - Slapshot by Branislav Mezei.
0:55 of 3rd period - Stopped by Maxime Daigneault without a rebound.
0:56 of 3rd period - Frans Nielsen wins face-off versus Pavel Datsyuk in Predators zone.
1:05 of 3rd period - Snap shot by Pavel Datsyuk.
1:05 of 3rd period - Stopped by Maxime Daigneault with a rebound.
1:07 of 3rd period - Wrist shot by Patric Hornqvist.
1:07 of 3rd period - Stopped by Maxime Daigneault with a rebound.
1:09 of 3rd period - Wrist shot by Pavel Datsyuk.
1:09 of 3rd period - Shot Misses the Net.
1:11 of 3rd period - Wrist shot by David Booth.
1:11 of 3rd period - Shot Blocked by Ryan Mcdonagh.
1:33 of 3rd period - Martin Havlat is hit by Alexander Steen and loses puck.
1:52 of 3rd period - Slapshot by Andreas Nodl.
1:52 of 3rd period - Deflect By Shane Doan.
1:52 of 3rd period - Shot Misses the Net.
1:52 of 3rd period - Puck is out of play.
1:53 of 3rd period - Pavel Datsyuk wins face-off versus Frans Nielsen in Predators zone.
2:00 of 3rd period - Snap shot by Pavel Datsyuk.
2:00 of 3rd period - Goal by Pavel Datsyuk - Blue Jackets : 5 - Predators : 1.
2:01 of 3rd period - Frans Nielsen wins face-off versus Pavel Datsyuk in neutral zone.
2:18 of 3rd period - Niclas Bergfors is hit by Mike Lundin and loses puck.
2:52 of 3rd period - Off-side.
2:53 of 3rd period - Dave Steckel wins face-off versus Mikael Granlund in neutral zone.
3:49 of 3rd period - Snap shot by Cory Emmerton.
3:49 of 3rd period - Shot Blocked by Christian Ehrhoff.
3:51 of 3rd period - Snap shot by Jason Ward.
3:51 of 3rd period - Shot Blocked by Christian Ehrhoff.
4:27 of 3rd period - Snap shot by Ryan Kesler.
4:27 of 3rd period - Stopped by Rick DiPietro with a rebound.
4:29 of 3rd period - Snap shot by Mikael Granlund.
4:29 of 3rd period - Stopped by Rick DiPietro without a rebound.
4:30 of 3rd period - Mikael Granlund wins face-off versus Pavel Datsyuk in Blue Jackets zone.
4:45 of 3rd period - Backhand shot by Mikael Granlund.
4:45 of 3rd period - Goal by Mikael Granlund - Blue Jackets : 5 - Predators : 2.
4:46 of 3rd period - Ryan Kesler wins face-off versus Pavel Datsyuk in neutral zone.
4:49 of 3rd period - Snap shot by Byron Bitz.
4:49 of 3rd period - Stopped by Rick DiPietro with a rebound.
5:11 of 3rd period - Martin Havlat is hit by Frans Nielsen and loses puck.
5:30 of 3rd period - Minor Penalty to Martin Havlat for Interference.
5:31 of 3rd period - Patric Hornqvist wins face-off versus Mikael Granlund in Blue Jackets zone.
5:57 of 3rd period - Kevin Bieksa is hit by Alexander Steen and loses puck.
6:04 of 3rd period - Snap shot by Byron Bitz.
6:04 of 3rd period - Stopped by Rick DiPietro without a rebound.
6:05 of 3rd period - Pavel Datsyuk wins face-off versus Mikael Granlund in Blue Jackets zone.
6:05 of 3rd period - Pavel Datsyuk is hit by Bobby Sanguinetti.
6:27 of 3rd period - Wrist shot by Alexander Steen.
6:27 of 3rd period - Stopped by Rick DiPietro without a rebound.
6:28 of 3rd period - Pavel Datsyuk wins face-off versus Mikael Granlund in Blue Jackets zone.
6:51 of 3rd period - Snap shot by Ryan Kesler.
6:51 of 3rd period - Stopped by Rick DiPietro without a rebound.
6:52 of 3rd period - David Booth wins face-off versus Mikael Granlund in Blue Jackets zone.
7:30 of 3rd period - Penalty to Martin Havlat is over, Martin Havlat is back on ice.
8:31 of 3rd period - Wrist shot by Jason Ward.
8:31 of 3rd period - Stopped by Maxime Daigneault with a rebound.
9:09 of 3rd period - Slapshot by Steve Begin.
9:09 of 3rd period - Shot Misses the Net.
9:11 of 3rd period - Slapshot by Steve Begin.
9:11 of 3rd period - Shot Misses the Net.
9:13 of 3rd period - Slapshot by John Moore.
9:13 of 3rd period - Stopped by Rick DiPietro with a rebound.
9:19 of 3rd period - Minor Penalty to Pavel Datsyuk for Goalie Interference.
9:20 of 3rd period - Mikael Granlund wins face-off versus Jeff Taffe in Blue Jackets zone.
11:19 of 3rd period - Penalty to Pavel Datsyuk is over, Pavel Datsyuk is back on ice.
11:26 of 3rd period - Bobby Sanguinetti is hit by Marcus Nilson and loses puck.
11:45 of 3rd period - Snap shot by Andy Miele.
11:45 of 3rd period - Stopped by Rick DiPietro without a rebound.
11:46 of 3rd period - Andy Miele wins face-off versus Cory Emmerton in Blue Jackets zone.
11:47 of 3rd period - Wrist shot by Byron Bitz.
11:47 of 3rd period - Stopped by Rick DiPietro with a rebound.
11:49 of 3rd period - Wrist shot by John Moore.
11:49 of 3rd period - Deflect By Steve Begin.
11:49 of 3rd period - Shot Misses the Net.
11:49 of 3rd period - Puck is out of play.
11:50 of 3rd period - Mikael Granlund wins face-off versus Jan Bulis in Blue Jackets zone.
11:55 of 3rd period - Snap shot by Mikael Granlund.
11:55 of 3rd period - Stopped by Rick DiPietro without a rebound.
11:56 of 3rd period - Mikael Granlund wins face-off versus Martin Havlat in Blue Jackets zone.
11:59 of 3rd period - Snap shot by Mikael Granlund.
11:59 of 3rd period - Shot Misses the Net.
12:01 of 3rd period - Wrist shot by Mikael Granlund.
12:01 of 3rd period - Shot Misses the Net.
12:36 of 3rd period - Patric Hornqvist is hit by Ryan Kesler and loses puck.
13:53 of 3rd period - Mike Lundin is hit by Alexander Steen and loses puck.
13:59 of 3rd period - Icing by Patric Hornqvist.
14:00 of 3rd period - Pavel Datsyuk wins face-off versus Frans Nielsen in Blue Jackets zone.
14:14 of 3rd period - Snap shot by Frans Nielsen.
14:14 of 3rd period - Shot Misses the Net.
14:16 of 3rd period - Slapshot by Christian Ehrhoff.
14:16 of 3rd period - Shot Blocked by David Booth.
15:18 of 3rd period - Snap shot by Andreas Nodl.
15:18 of 3rd period - Shot Misses the Net.
15:24 of 3rd period - Snap shot by Andy Miele.
15:24 of 3rd period - Stopped by Rick DiPietro with a rebound.
16:13 of 3rd period - Wrist shot by Mike York.
16:13 of 3rd period - Shot Misses the Net.
16:15 of 3rd period - Wrist shot by Mike Commodore.
16:15 of 3rd period - Stopped by Maxime Daigneault without a rebound.
16:16 of 3rd period - Pavel Datsyuk wins face-off versus Frans Nielsen in Predators zone.
16:23 of 3rd period - Wrist shot by Patric Hornqvist.
16:23 of 3rd period - Deflect By Pavel Datsyuk.
16:23 of 3rd period - Shot Misses the Net.
16:23 of 3rd period - Puck is out of play.
16:24 of 3rd period - Frans Nielsen wins face-off versus Pavel Datsyuk in Predators zone.
16:24 of 3rd period - Frans Nielsen is hit by Pavel Datsyuk.
17:59 of 3rd period - Off-side.
18:00 of 3rd period - Marcus Nilson wins face-off versus Ryan Kesler in neutral zone.
18:36 of 3rd period - Shane Doan is hit by Cory Emmerton and loses puck.
19:14 of 3rd period - Snap shot by Martin Havlat.
19:14 of 3rd period - Stopped by Maxime Daigneault without a rebound.
19:15 of 3rd period - Ryan Kesler wins face-off versus Jan Bulis in Predators zone.
19:33 of 3rd period - Icing by Kevin Bieksa.
19:34 of 3rd period - Dave Steckel wins face-off versus Mikael Granlund in Blue Jackets zone.
19:39 of 3rd period - Snap shot by Andreas Nodl.
19:39 of 3rd period - Goal by Andreas Nodl - Blue Jackets : 6 - Predators : 2.
19:40 of 3rd period - Ryan Kesler wins face-off versus Pavel Datsyuk in neutral zone.
Goals for this period are 3 for Blue Jackets vs 1 for Predators.
Shots for this period are 9 for Blue Jackets vs 12 for Predators.
Back to the Top